 Dungeon Crawl Stone Soup version 0.30-a0-1093-gcfb1e0cf12 (webtiles) character file.

Game seed: 16884767707917508358

38 KristoblXynda the Chopper (level 3, -3/28 HPs)
             Began as a Formicid Gladiator on Apr 17, 2023.
             Slain by a gnoll
             ... wielding a +0 whip
              (7 damage)
             ... on level 2 of the Dungeon.
             The game lasted 00:01:05 (987 turns).

KristoblXynda the Chopper (Formicid Gladiator)       Turns: 987, Time: 00:01:06

Health: -3/28      AC:  5    Str: 20    XL:     3   Next: 65%
Magic:  3/3        EV: 12    Int:  7    God:
Gold:   108        SH:  0    Dex: 15    Spells: 2/2 levels left

rFire   . . .      SeeInvis +    a - +0 war axe
rCold   . . .      Faith    .    (no shield)
rNeg    . . .      Spirit   .    b - +0 ring mail
rPois   .          Reflect  .    (helmet unavailable)
rElec   .          Rampage  .    (no cloak)
rCorr   .                        (no gloves)
Will    .....                    (no boots)
Stlth   +                        (no amulet)
HPRegen 0.24/turn                (no ring)
MPRegen 0.08/turn                (no ring)

@: no status effects
A: permanent stasis, dig shafts and tunnels, antennae 3, four strong arms
a: Dig, Shaft Self


You were on level 2 of the Dungeon.
You visited 1 branch of the dungeon, and saw 2 of its levels.

You collected 108 gold pieces.

Inventory:

Hand Weapons
 a - a +0 war axe (weapon)
Missiles
 c - 2 throwing nets (quivered)
 d - a javelin
Armour
 b - a +0 ring mail (worn)
Jewellery
 h - a ring of fire
Scrolls
 e - 3 scrolls of identify {unknown}
 k - a scroll of enchant armour {unknown}
Potions
 f - a potion of haste {unknown}
 g - a potion of heal wounds {unknown}
 i - a potion of invisibility {unknown}
 j - a potion of lignification {unknown}
 l - a potion of mutation {unknown}
 m - a potion of attraction {unknown}
 n - a potion of curing {unknown}


   Skills:
 + Level 2.6 Fighting
 * Level 3.6 Axes
 - Level 2.0 Throwing
 + Level 1.2 Armour
 + Level 3.0 Dodging


You had 2 spell levels left.
You didn't know any spells.
Your spell library was empty.

Dungeon Overview and Level Annotations

Branches:
Dungeon (2/15)

Altars:


Innate Abilities, Weirdness & Mutations

You cannot be hasted, slowed, berserked, paralysed or teleported.
You can dig through walls and to a lower floor.
You have a pair of large antennae on your head. (SInv)
Your four strong arms can wield two-handed weapons with a shield.


Message History

The gnoll is severely wounded.
The gnoll barely misses you.
You closely miss the gnoll.
The gnoll is severely wounded.
The gnoll hits you but does no damage. The gnoll closely misses you.
You closely miss the gnoll.
The gnoll is severely wounded.
The gnoll hits you with a +0 club!
You hit the gnoll.
The gnoll is almost dead.
The gnoll misses you.
You closely miss the gnoll.
The gnoll is almost dead.
The gnoll hits you but does no damage. The gnoll barely misses you.
You hit the gnoll.
You kill the gnoll!
Your Dodging skill increases to level 3!
You barely miss the gnoll. The gnoll hits you with a +0 whip.
The gnoll hits you from afar with a +0 halberd!
You are too injured to fight recklessly!
You are too injured to fight recklessly!
You are too injured to fight recklessly!
You are too injured to fight recklessly!
You are too injured to fight recklessly!
You are too injured to fight recklessly!
You are too injured to fight recklessly!
You are too injured to fight recklessly!
You completely miss the gnoll. The gnoll closely misses you.
The gnoll barely misses you. The gnoll misses you. The gnoll barely misses you.
You barely miss the gnoll. The gnoll closely misses you. The gnoll misses you.
You hit the gnoll.
The gnoll is lightly wounded.
The gnoll hits you with a +0 whip.
The gnoll hits you from afar with a +0 halberd.
You barely miss the gnoll.
The gnoll is lightly wounded.
The gnoll hits you with a +0 whip.
* * * LOW HITPOINT WARNING * * *
The gnoll barely misses you. The gnoll hits you with a +0 whip!
You die...

#.#
#....# #
#.#
#.#### #
#.# #.#
# #.#
#.# #
#.# #.#
### #.#
#.# #..
######.#
#.# #.#
#......#
#.####.#
#@######
#......#
#g#
#..#####
#g#
#.......
#g#
##.#.###
#.#
#.#.# #
#.#
#.#.# #
#.#
#.#.# #
#.#
#.... #
#....


You could see 3 gnolls.

Vanquished Creatures
  A gnoll (D:2)
  4 dart slugs
  A giant cockroach (D:1)
  3 goblins
  3 hobgoblins (D:1)
  A kobold (D:2)
  A quokka (D:1)
  2 ball pythons
  2 bats
  A frilled lizard (D:1)
  A rat (D:1)
20 creatures vanquished.

Notes
Turn   | Place    | Note
-------+----------+-------------------------------------------
     0 | D:1      | KristoblXynda the Formicid Gladiator began the quest for
                  | the Orb.
     0 | D:1      | Reached XP level 1. HP: 16/16 MP: 1/1
   118 | D:1      | Reached XP level 2. HP: 23/23 MP: 2/2
   706 | D:1      | Reached XP level 3. HP: 24/28 MP: 3/3
   800 | D:2      | Reached skill level 1 in Armour
   987 | D:2      | Slain by a gnoll

Illustrated notes

Levels and vault maps discovered:
D:1:      dpeg_arrival_more_subterranean_lakeside_camping, layout_basic,
          minmay_misc_feat_more_columns
D:2:      layout_loops_ring

Skill      XL: |  1  2  3 |
---------------+----------+-----
Armour         | 1 |  1.2
Dodging        | 3 |  3.0
Fighting       | |  2.6
Axes           | |  3.6
Throwing       | |  2.0

Action                     || total
---------------------------++-------
  Melee: War axe           ||    61
  Throw: Throwing net      ||     2
   Stab: Held in net/web   ||     2
 Armour: Leather armour    ||     5
         Ring mail         ||     8
  Dodge: Dodged            ||    44

Table legend: (Time is in decaauts)
 A = Elapsed time spent in this place.
 B = Non-inter-level travel time spent in this place.
 C = Inter-level travel time spent in this place.
 D = Time resting spent in this place.
 E = Time spent auto-exploring this place.
 F = Levels seen in this place.
 G = Mean time per level.
                   A        B        C        D        E       F      G
               +--------+--------+--------+--------+--------+-----+--------+
         Total |   1007 |    969 |     38 |      6 |    782 |   2 |  503.5 |
       Dungeon |   1007 |    969 |     38 |      6 |    782 |   2 |  503.5 |
               +--------+--------+--------+--------+--------+-----+--------+

Top non-repeatable levels by time:
     D:1: 805 daAuts
     D:2: 201 daAuts
